 Dungeon Crawl Stone Soup version 0.24.1 (webtiles) character file.

Game seed: 14939343316622456643, levelgen mode: deterministic

1617 Chiseanne the Skirmisher (level 8, -4/63 HPs)
             Began as a Mummy Artificer on Mar 30, 2020.
             Was an Initiate of Gozag.
             Slain by an iguana (9 damage)
             ... on level 9 of the Dungeon.
             The game lasted 00:14:21 (6216 turns).

Chiseanne the Skirmisher (Mummy Artificer)          Turns: 6216, Time: 00:14:22

Health: -4/63      AC: 16    Str: 15    XL:     8   Next: 64%
Magic:  11/11      EV: 13    Int: 13    God:    Gozag
Gold:   493        SH:  0    Dex: 12    Spells: 7/7 levels left

rFire    . . .     SeeInvis .   d - +1 broad axe (venom)
rCold    . . .     Gourm    .   (no shield)
rNeg     + + +     Faith    .   h - +0 ring mail
rPois    ∞         Spirit   .   m - +1 helmet
rElec    .         Reflect  .   o - +1 cloak
rCorr    .         Harm     .   i - +0 pair of gloves
MR       +....                  (no boots)
Stlth    +.........             (no amulet)
HPRegen  0.20/turn              k - ring of fire
MPRegen  0.12/turn              z - +5 ring of protection

@: no status effects
A: no food or potions, fire vulnerability, cold resistance 1, negative energy
resistance 3, torment resistance, unbreathing
a: Potion Petition, Call Merchant, Bribe Branch, Renounce Religion


You were on level 9 of the Dungeon.
You worshipped Gozag.
Gozag was aware of your devotion.
You were not hungry.

You visited 2 branches of the dungeon, and saw 10 of its levels.

You collected 573 gold pieces.
You paid 80 gold pieces to Gozag.

Inventory:

Hand Weapons
 a - a +4 short sword
 d - a +1 broad axe of venom (weapon)
 s - a +2 dire flail of draining
Missiles
 e - a throwing net
 f - 25 arrows
 g - 187 stones
 q - 77 sling bullets
 r - 21 poisoned darts (quivered)
Armour
 h - a +0 ring mail (worn)
 i - a +0 pair of gloves (worn)
 m - a +1 helmet (worn)
 o - a +1 cloak (worn)
 w - a +0 buckler
Magical Staves
 j - an uncursed staff of summoning
Jewellery
 k - a ring of fire (left hand)
 v - an uncursed ring of resist corrosion
 z - a +5 ring of protection (right hand)
Wands
 c - a wand of flame (8)
Scrolls
 b - 5 scrolls of identify
 l - 2 scrolls of remove curse
 y - a scroll of immolation


   Skills:
 * Level 5.5 Fighting
 - Level 0.7 Short Blades
 * Level 4.0 Armour
 * Level 4.9 Dodging
 - Level 0.7 Stealth
 * Level 5.3 Evocations


You had 7 spell levels left.
You didn't know any spells.
Your spell library was empty.

Dungeon Overview and Level Annotations

Branches:
Dungeon (9/15)             Temple (1/1) D:5
   Lair: D:8-11         Orc: D:9-12

Altars:
Ashenzari
Cheibriados
Dithmenos
Fedhas
Gozag
Kikubaaqudgha
Okawaru
Qazlal
Trog
Uskayaw
Vehumet
Xom
Yredelemnul
Zin
The Shining One

Annotations:
D:6 exclusion: 2 doors
D:7 Harold


Innate Abilities, Weirdness & Mutations

You do not eat or drink.
Your flesh is vulnerable to fire.
You are immune to poison.
Your flesh is cold resistant. (rC+)
You are immune to negative energy. (rN+++)
You are immune to unholy pain and torment.
You can survive without breathing.


Message History

The orc warrior hits you but does no damage.
Your ring mail prevents you from hitting the ogre.
The ogre closely misses you.
You barely miss the ogre.
You hit the orc warrior but do no damage.
The orc warrior is poisoned.
The ogre closely misses you. The orc warrior closely misses you.
You barely miss the ogre.
You hit the orc warrior but do no damage.
The orc warrior looks as sick as possible!
The ogre misses you.
The orc warrior hits you but does no damage.
The orc warrior hits you with a cursed -1 mace!
* * * LOW HITPOINT WARNING * * *
The ogre hits you but does no damage.
You hit the ogre but do no damage. You closely miss the orc warrior.
You hit the iguana but do no damage.
The iguana is poisoned.
The iguana bites you!
You die...
Your body crumbles into a pile of gold.

#............#
##...<........###
#............."..
##......#........
#.#....#......#.
###...##.....##
######l....#
#lOo...#
#.@#......
######.... ...#
.## #


You could see an orc warrior, an ogre, an iguana and a leopard gecko.

Vanquished Creatures
  Pikel (D:5)
  Edmund (D:4)
  An orc warrior (D:6)
  2 slaves (D:5)
  A hornet zombie (D:6)
  A black bear (D:6)
  An ogre (D:4)
  A bullfrog (D:5)
  A howler monkey (D:3)
  An electric eel (D:6)
  3 crimson imps
  2 hounds
  2 orc priests (D:8)
  2 iguanas
  5 orc wizards
  3 worker ants
  A hound skeleton (D:5)
  5 adders
  A shadow imp (D:6)
  An adder zombie (D:5)
  A worm (D:2)
  6 dart slugs
  4 leopard geckos
  12 orcs
  5 bats
  4 giant cockroaches
  2 goblins
  3 hobgoblins (D:3)
  15 jackals
  3 quokkas
  6 frilled lizards
  5 kobolds
  2 quokka skeletons
  5 rats
  A plant (D:6)
110 creatures vanquished.

Vanquished Creatures (collateral kills)
  A slave (D:6)
  An orc (D:6)
2 creatures vanquished.

Vanquished Creatures (others)
  4 orcs
4 creatures vanquished.

Grand Total: 116 creatures vanquished

Notes
Turn   | Place    | Note
-------+----------+-------------------------------------------
     0 | D:1      | Chiseanne the Mummy Artificer began the quest for the Orb.
     0 | D:1      | Reached XP level 1. HP: 15/15 MP: 2/2
   249 | D:1      | Reached XP level 2. HP: 13/21 MP: 3/3
  1471 | D:2      | Reached XP level 3. HP: 25/27 MP: 5/5
  2029 | D:3      | Reached XP level 4. HP: 18/34 MP: 6/6
  2729 | D:4      | Reached XP level 5. HP: 39/39 MP: 7/7
  2808 | D:4      | Reached skill level 1 in Armour
  2928 | D:4      | Noticed Edmund
  2942 | D:4      | Killed Edmund
  2942 | D:4      | Reached XP level 6. HP: 36/47 MP: 8/8
  3353 | D:5      | Entered Level 5 of the Dungeon
  3686 | D:5      | Found a staircase to the Ecumenical Temple.
  3702 | Temple   | Entered the Ecumenical Temple
  3743 | Temple   | Became a worshipper of Gozag Ym Sagoz the Greedy
  3755 | D:5      | Found a bloodstained altar of Trog.
  4400 | D:5      | Found an ancient bone altar of Kikubaaqudgha.
  4453 | D:6      | Reached XP level 7. HP: 54/54 MP: 10/10
  4956 | D:6      | Noticed Pikel
  5211 | D:5      | Reached XP level 8. HP: 53/61 MP: 11/11
  5323 | D:5      | Killed Pikel
  5323 | D:5      | Reached skill level 5 in Fighting
  5323 | D:5      | Reached skill level 5 in Evocations
  6107 | D:7      | Noticed Harold
  6176 | D:8      | Noticed a hippogriff
  6216 | D:9      | Slain by an iguana

Levels and vault maps discovered:
D:1:      ebering_trefoil_3fold, layout_rooms, skrybe_limestone_x,
          serial_bayou_lagoon_a, dk_noncrumbling_4
D:2:      layout_basic
D:3:      layout_loops_ring, first_ration
D:4:      layout_rooms, kennysheep_donut, uniq_edmund
D:5:      layout_basic, kennysheep_mini, minmay_temple_entry_purple_smoke,
          bloody_trog
D:6:      cheibrodos_two_vegetables, layout_cave_pools, uniq_pikel
D:7:      layout_loops_ring, uniq_harold
D:8:      layout_basic, dpeg_oklobed_lair, uniq_maurice, uniq_joseph
D:9:      layout_cave_pools, minmay_statue_bubble
Temple:   compressed_dpeg_circular_temple

Skill      XL: |  1  2  3  4  5  6  7  8 |
---------------+-------------------------+-----
Dodging        | 2 3 4 |  4.9
Fighting       | 2 3 4 5 |  5.5
Evocations     | 3 4 5 |  5.3
Armour         | 1 2 3 4 |  4.0
Short Blades   | |  0.7
Stealth        | |  0.7

Action                   |  1- 3 |  4- 6 |  7- 9 || total
-------------------------+-------+-------+-------++-------
Melee: Short sword       |   102 |   151 |   160 ||   413
       Broad axe         |       |       |    18 ||    18
Throw: Stone             |     1 |    12 |     1 ||    14
       Dart              |       |       |     2 ||     2
Invok: Potion Petition   |       |       |     1 ||     1
Evoke: Wand              |     3 |    10 |    29 ||    42
  Use: Scroll            |     6 |     5 |     4 ||    15
Armor: Leather armour    |    29 |       |       ||    29
       Ring mail         |     2 |    81 |   103 ||   186
Dodge: Dodged            |    60 |   135 |   128 ||   323
